 Dungeon Crawl Stone Soup version 0.20-a0-920-gb18bc0f (webtiles) character file.

146 Ijustatesigmund the Skirmisher (level 5, -3/39 HPs)
             Began as a Barachi Fighter on Mar 25, 2017.
             Killed by nerve-wracking pain
             ... invoked by Jessica
              (4 damage)
             ... on level 2 of the Dungeon.
             The game lasted 00:04:39 (2252 turns).

Ijustatesigmund the Skirmisher (Barachi Fighter)    Turns: 2252, Time: 00:04:40

Health: -3/39      AC:  6    Str: 17    XL:     5   Next: 28%
Magic:  5/5        EV:  8    Int:  9    God:
Gold:   169        SH:  9    Dex: 10    Spells: 4/4 levels left

rFire    + + .     SeeInvis .   a - +0 long sword
rCold    + . .     Gourm    +   c - +1 shield
rNeg     . . .     Faith    .   b - +0 scale mail
rPois    +         Spirit   .   (no helmet)
rElec    +         Reflect  .   (no cloak)
rCorr    +         Harm     .   (no gloves)
MR       .....                  (no boots)
Stlth    ..........             h - amulet of the gourmand
Regen    0.2/turn               e - ring of protection from fire
MPRegen  0.1/turn               i - +2 ring of slaying

@: resistant, can't hop, slow
A: +LOS, swims, clumsy 1, frail 1, slowness 1, evolution 1, strong legs 1
a: Hop


You were on level 2 of the Dungeon.
You were completely stuffed.

You visited 1 branch of the dungeon, and saw 3 of its levels.

You collected 169 gold pieces.

Inventory:

Hand Weapons
 a - a +0 long sword (weapon)
Armour
 b - a +0 scale mail (worn)
 c - a +1 shield (worn)
Jewellery
 e - a ring of protection from fire (left hand)
 h - an amulet of the gourmand (around neck)
 i - a +2 ring of slaying (right hand)
Scrolls
 m - a scroll of identify
Comestibles
 f - 5 bread rations
 g - a royal jelly
 k - a chunk of flesh


   Skills:
 + Level 5.0 Fighting
 + Level 4.4 Long Blades
 - Level 3.6 Armour
 + Level 2.5 Dodging
 - Level 3.2 Shields


You had 4 spell levels left.
You didn't know any spells.

Dungeon Overview and Level Annotations

Branches:
Dungeon (3/15)

Altars:
The Shining One

Annotations:
D:2 Jessica
D:3 Ijustatesigmund's ghost, amateur BaFi


Innate Abilities, Weirdness & Mutations

Shadows flee at your approach. (+LOS)
You can swim through water.
You cover ground slowly.
You can hop short distances.
You are clumsy. (Dex -2)
You are frail. (-10% HP)
You evolve.


Message History

You feel protected.
Jessica casts a spell.
Jessica blinks!
Jessica mumbles some strange words.
Jessica blinks!
Jessica hits you with a dagger.
* * * LOW HITPOINT WARNING * * *
You completely miss Jessica. Jessica hits you but does no damage. x2
You barely miss Jessica. Jessica barely misses you.
Jessica grins evilly.
You block Jessica's attack.
You hit Jessica.
Jessica is moderately wounded.
Jessica grins evilly.
Jessica casts a spell at you. Pain shoots through your body!
* * * LOW HITPOINT WARNING * * *
Jessica points at you and mumbles some strange words.
Pain shoots through your body!
You die...

#.#........#.# #...=#
#.#........#.# #....#
#.#........#.# #....#
#.#........#.# #....#
#.#........'.# #....#
#.+........#####....#
###........#........#
#....##'##.######.#
#....##.##@# #<#
#....##.##@# ###
#....##.##.###
#....##(#....#
#....##.#..#.#
#....##.####.#
#....##......#
#....######### #....#


You could see Jessica.

Vanquished Creatures
  Terence (D:2)
  Natasha (D:3)
  4 adders (D:2)
  An ooze (D:1)
  A worm (D:2)
  A dart slug (D:1)
  A leopard gecko (D:2)
  2 orcs (D:3)
  4 bats
  A giant cockroach (D:2)
  5 goblins
  8 hobgoblins
  2 jackals (D:1)
  2 ball pythons
  5 frilled lizards
  7 kobolds
  6 rats
52 creatures vanquished.

Notes
Turn   | Place    | Note
-------+----------+-------------------------------------------
     0 | D:1      | Ijustatesigmund the Barachi Fighter began the quest for the Orb.
     0 | D:1      | Reached XP level 1. HP: 18/18 MP: 1/1
    45 | D:1      | Found a glowing golden altar of the Shining One.
    90 | D:1      | Reached XP level 2. HP: 24/25 MP: 2/2
   170 | D:1      | Reached skill level 4 in Fighting
   327 | D:1      | Reached XP level 3. HP: 22/30 MP: 3/3
   568 | D:2      | Reached skill level 1 in Dodging
   618 | D:2      | Gained mutation: You are frail. (-10% HP) [potion of mutation]
   618 | D:2      | Gained mutation: You are clumsy. (Dex -2) [potion of mutation]
   618 | D:2      | Gained mutation: You evolve. [potion of mutation]
   896 | D:2      | Noticed Terence
   914 | D:2      | Killed Terence
   914 | D:2      | Reached XP level 4. HP: 34/34 MP: 4/4
  1758 | D:3      | Noticed Natasha
  1780 | D:3      | Killed Natasha
  1780 | D:3      | Reached XP level 5. HP: 4/38 MP: 5/5
  2127 | D:3      | Reached skill level 5 in Fighting
  2229 | D:3      | Noticed Jessica
  2232 | D:3      | Noticed Ijustatesigmund's ghost (amateur BaFi)
  2252 | D:2      | HP: 1/39 [Jessica/nerve-wracking pain (7)]
  2252 | D:2      | Killed from afar by Jessica

Vault maps used:
D:1:      eino_arrival_tree_alley, hex_medium, serial_park_tiny_pond, tso_altar
D:2:      first_bread, uniq_terence
D:3:      tgw_sif, uniq_sigmund, uniq_crazy_yiuf_cottage, uniq_natasha,
          uniq_jessica

Skill      XL: |  1  2  3  4  5 |
---------------+----------------+-----
Long Blades    | 3 4 |  4.4
Fighting       | 4 5 |  5.0
Dodging        | 2 |  2.5
Armour         | |  3.6
Shields        | |  3.2

Action                   |  1- 3 |  4- 6 || total
-------------------------+-------+-------++-------
Melee: Long sword        |    99 |    99 ||   198
 Abil: Hop               |       |     1 ||     1
  Use: Scroll            |     5 |     3 ||     8
       Potion            |     3 |     2 ||     5
  Eat: Chunk             |    10 |     7 ||    17
Armor: Scale mail        |    50 |    43 ||    93
       Skin              |       |     1 ||     1
Dodge: Dodged            |    34 |    36 ||    70
Block: Shield            |    48 |    56 ||   104
       Rpst.: Long sword |     5 |     7 ||    12
